Map: Rhoskallian LE

Players

qqq - Winner!

  • Race: Zerg Zerg
  • Spawn Location: 12:00

Massa - Winner!

  • Race: Terran Terran
  • League: Platinum
  • Spawn Location: 11:00

RaRe

  • Race: Zerg Zerg
  • League: Diamond
  • Spawn Location: 6:00

Coach

  • Race: Protoss Protoss
  • League: Diamond
  • Spawn Location: 5:00

VOD

Have the link to the VOD?

Description

Time

  • Played on: March 17, 2021, 10:15 a.m.
  • Length: 15:19
Show
View Real Time Build Order
Export as new Build Order

qqq Zerg - Winner!

Build Orders: Hatch First 

Get SALT Encoding   

  12  0:18  Drone  
  12  0:19  Drone, Overlord  
  14  0:49  Hatchery  
  13  1:07  Spawning Pool  
  13  1:08  Extractor  
  11  1:22  Drone x3  
  14  1:46  Drone x2  
  16  2:00  Queen  
  18  2:06  Queen  
  20  2:15  Metabolic Boost  
  20  2:20  Drone  
  21  2:27  Drone  
  21  2:29  Drone  
  23  2:33  Drone  
  24  2:41  Overlord  
  24  2:50  Drone  
  25  2:51  Zergling x2  
  25  2:53  Zergling x2  
  25  2:56  Drone  
  28  3:00  Zergling x2  
  28  3:03  Zergling x2  
  30  3:05  Zergling x2  
  31  3:14  Baneling Nest  
  30  3:21  Zergling x6  
  30  3:24  Zergling x2  
  34  3:30  Zergling x4  
  36  3:38  Overlord  
  36  3:43  Overlord  
  34  4:08  Zergling x8  
  34  4:09  Zergling x8  
  40  4:10  Zergling x2  
  39  4:22  Zergling x8  
  41  4:36  Zergling x2  
  41  4:37  Zergling x2  
  43  4:41  Zergling x2  
  43  4:42  Zergling x2  
  43  4:44  Baneling x5  
  45  4:58  Zergling x4  
  47  5:02  Lair  
  36  5:58  Zergling x10  
  36  5:59  Zergling x14  
  36  6:00  Zergling x4  
  46  6:08  Zergling x6  
  42  6:20  Zergling x4  
  42  6:24  Drone  
  45  6:31  Drone  
  46  6:37  Hatchery  
  40  6:59  Zergling x10  
  40  7:00  Drone x5  
  46  7:10  Drone  
  46  7:11  Spire  
  46  7:27  Drone x4  
  46  7:29  Drone, Overlord  
  51  7:30  Extractor  
  51  7:31  Overlord  
  51  7:33  Extractor  
  49  7:50  Zergling x14  
  49  7:58  Drone, Zergling x6  
  48  8:06  Drone  
  48  8:07  Extractor  
  48  8:14  Drone x2  
  48  8:15  Drone, Overlord  
  48  8:17  Drone  
  52  8:23  Queen  
  54  8:31  Drone x3  
  58  8:34  Drone  
  58  8:37  Drone  
  59  8:44  Spore Crawler  
  59  8:46  Spore Crawler  
  57  9:00  Mutalisk  
  57  9:01  Mutalisk x3  
  65  9:03  Mutalisk  
  65  9:07  Mutalisk  
  69  9:11  Zerg Flyer Weapons Level 1  
  69  9:14  Mutalisk  
  71  9:18  Mutalisk  
  71  9:22  Mutalisk  
  75  9:27  Pneumatized Carapace  
  75  9:28  Drone  
  75  9:30  Drone  
  77  9:34  Drone x2  
  77  9:38  Mutalisk  
  79  9:41  Drone  
  81  9:50  Mutalisk  
  81  9:52  Drone  
  78  10:02  Mutalisk  
  78  10:03  Mutalisk  
  78  10:06  Overlord  
  78  10:07  Overlord x2  
  82  10:14  Spore Crawler  
  81  10:22  Queen, Infestation Pit  
  78  10:56  Mutalisk x4  
  75  11:09  Hive  
  75  11:11  Drone x5  
  77  11:13  Extractor  
  77  11:15  Extractor  
  71  11:23  Drone x3  
  61  11:28  Drone x3, Mutalisk  
  61  11:29  Mutalisk  
  61  11:30  Mutalisk  
  61  11:31  Drone  
  71  11:41  Drone x2  
  71  11:42  Mutalisk  
  75  11:49  Spore Crawler  
  75  11:50  Spore Crawler  
  75  11:53  Drone x6  
  79  11:57  Mutalisk  
  81  12:06  Mutalisk  
  81  12:07  Mutalisk x2  
  87  12:26  Hatchery  
  86  12:36  Spawning Pool, Viper  
  88  12:54  Mutalisk  
  88  12:57  Overlord x4  
  90  13:10  Overlord x3  
  90  13:11  Overlord x8  
  90  13:12  Overlord  
  90  13:14  Viper  
  90  13:15  Viper  
  96  13:22  Corruptor  
  96  13:25  Mutalisk  
  96  13:26  Mutalisk  
  102  13:29  Mutalisk  
  104  13:36  Mutalisk  
  104  13:39  Mutalisk  
  108  13:42  Drone x2  
  108  13:46  Corruptor  
  112  13:56  Mutalisk x2  
  112  13:59  Drone x3  
  112  14:00  Drone  
  112  14:01  Drone  
  121  14:03  Drone  
  122  14:15  Spore Crawler  
  122  14:16  Spine Crawler  
  120  14:19  Corruptor x2  
  120  14:20  Zergling x2  
  120  14:21  Drone x2  
  120  14:23  Drone  
  128  14:26  Spore Crawler  
  128  14:30  Extractor, Queen  
  128  14:45  Zergling x8  
  131  14:46  Zergling x4  
Show
View Real Time Build Order
Export as new Build Order

Massa Terran - Winner!

Build Orders:  

Get SALT Encoding   

  12  0:00  SCV  
  13  0:12  SCV  
  14  0:20  Supply Depot  
  14  0:25  SCV  
  15  0:42  SCV  
  16  0:45  Barracks  
  16  0:50  Refinery  
  16  0:54  SCV  
  17  1:24  Barracks  
  17  1:25  Barracks  
  17  1:29  SCV  
  18  1:33  Marine  
  18  1:37  Supply Depot  
  19  1:44  Orbital Command  
  19  1:57  Barracks Tech Lab  
  19  2:14  Marine  
  19  2:15  Marine  
  21  2:17  Marauder  
  23  2:31  Stimpack  
  23  2:32  Marine x2  
  25  2:38  Marine  
  25  2:41  Supply Depot  
  26  2:50  Marine x2  
  28  2:57  Marauder  
  30  3:08  Marine x2  
  32  3:18  Marauder  
  34  3:26  Marine x2  
  36  3:32  Command Center  
  36  3:36  SCV  
  36  3:39  Marauder  
  39  3:49  Supply Depot  
  31  4:43  Concussive Shells  
  31  4:44  SCV, Marauder, Marine x2  
  36  4:48  Supply Depot  
  36  4:50  Refinery, Supply Depot  
  36  4:56  SCV  
  37  5:02  Marine x2  
  37  5:06  Marauder  
  39  5:19  Marine x2  
  41  5:22  Orbital Command  
  41  5:23  SCV  
  41  5:27  Marauder  
  44  5:31  Factory  
  44  5:35  SCV  
  44  5:36  Engineering Bay  
  44  5:37  Marine  
  42  5:56  Marauder, Marine x2  
  46  6:08  SCV x2  
  48  6:14  Factory  
  48  6:20  SCV  
  48  6:21  SCV  
  48  6:22  Factory Tech Lab  
  48  6:23  Terran Infantry Weapons Level 1  
  48  6:25  Supply Depot x2  
  50  6:28  Starport  
  41  6:49  Supply Depot  
  32  6:54  Marauder, Marine x2  
  36  7:01  Combat Shield  
  36  7:03  SCV x2  
  36  7:04  Factory Tech Lab  
  36  7:05  Siege Tank  
  41  7:12  Refinery x2, Marine x2  
  41  7:13  Starport Reactor  
  41  7:15  SCV  
  44  7:16  Marauder  
  46  7:30  Marine  
  47  7:38  Siege Tank  
  49  7:54  Marauder, Marine x2  
  53  8:09  Medivac  
  55  8:14  SCV x2  
  55  8:15  Marauder  
  55  8:17  Terran Infantry Armor Level 1  
  59  8:24  Barracks Reactor  
  59  8:26  SCV x2  
  61  8:30  Barracks  
  61  8:32  Siege Tank  
  64  8:36  Barracks Reactor  
  64  8:38  SCV x2  
  64  8:41  Medivac  
  68  8:58  Command Center  
  68  9:06  Medivac  
  68  9:09  Siege Tank  
  73  9:11  Medivac  
  75  9:32  SCV  
  75  9:33  SCV  
  77  9:39  Armory  
  77  9:44  SCV, Engineering Bay  
  77  9:45  SCV  
  79  9:49  Missile Turret  
  79  9:54  Missile Turret  
  79  9:57  SCV x2  
  81  10:02  Marauder, Marine x3  
  81  10:04  Barracks Tech Lab  
  86  10:09  Marine  
  86  10:10  SCV  
  86  10:13  Supply Depot x2  
  88  10:14  Supply Depot  
  88  10:15  Supply Depot  
  88  10:17  Supply Depot  
  88  10:20  Marine  
  89  10:38  Supply Depot  
  63  10:58  Marauder x2, Marine x4  
  66  11:15  Marine, Planetary Fortress  
  66  11:16  Marine x3  
  66  11:17  SCV x2  
  63  11:19  Widow Mine, Marauder, Marine  
  63  11:20  Siege Tank  
  69  11:29  SCV x2  
  71  11:33  Marine x2  
  71  11:37  Marauder  
  75  11:40  Terran Infantry Weapons Level 2  
  75  11:41  Terran Infantry Armor Level 2, SCV, Marauder, Siege Tank  
  81  11:50  Missile Turret  
  81  11:52  Siege Tank  
  81  11:53  SCV x2  
  81  11:54  SCV  
  87  12:05  SCV  
  87  12:06  SCV  
  89  12:08  Smart Servos  
  89  12:09  Factory  
  89  12:12  Drilling Claws  
  89  12:13  Medivac x2, Siege Tank  
  96  12:16  Terran Vehicle And Ship Armor Level 1  
  96  12:24  Siege Tank  
  99  12:30  Missile Turret  
  99  12:32  Missile Turret  
  99  12:49  Widow Mine  
  101  12:55  Factory Reactor  
  101  12:57  Widow Mine  
  107  12:58  Marauder x2, Marine x3  
  107  12:59  Marine  
  107  13:03  SCV x3  
  114  13:08  Refinery  
  114  13:09  Refinery  
  114  13:15  SCV x3  
  114  13:16  Marine x4  
  114  13:19  Marine x2  
  123  13:33  Missile Turret  
  123  13:34  Marine x2  
  123  13:37  Command Center  
  125  13:42  Widow Mine x4  
  133  13:53  Barracks  
  133  13:57  Barracks  
  133  13:59  Marauder x2, Marine  
  133  14:00  Marine x3  
  141  14:03  Widow Mine x2  
  141  14:04  Widow Mine x2  
  149  14:21  Supply Depot  
  149  14:22  Supply Depot  
  149  14:24  Supply Depot  
  149  14:25  Supply Depot  
  149  14:41  Missile Turret  
  149  14:43  Widow Mine, SCV x2, Marauder, Marine x2  
  149  14:44  Marauder  
Show
View Real Time Build Order
Export as new Build Order

RaRe Zerg 

Build Orders: Pool First, Zergling Baneling 

Get SALT Encoding   

  12  0:01  Drone  
  13  0:10  Drone  
  14  0:18  Overlord  
  14  0:36  Drone x3  
  17  0:46  Spawning Pool  
  16  0:51  Drone  
  16  0:56  Extractor  
  16  1:03  Drone  
  17  1:10  Drone  
  18  1:33  Hatchery  
  17  1:42  Drone x3  
  17  1:45  Queen  
  22  1:58  Metabolic Boost  
  22  2:01  Overlord  
  22  2:13  Overlord  
  22  2:28  Baneling Nest  
  21  2:33  Queen  
  21  2:34  Zergling x2  
  21  2:35  Zergling x2  
  25  2:37  Zergling x2  
  26  2:46  Drone  
  26  2:48  Drone  
  28  2:55  Zergling x2  
  28  2:56  Zergling x4  
  28  2:57  Zergling x2  
  32  3:21  Drone x4  
  32  3:24  Baneling  
  32  3:25  Baneling x5  
  36  3:27  Zergling x2  
  36  3:29  Zergling x2  
  38  3:34  Baneling x2  
  38  3:36  Zergling x2  
  32  4:04  Zergling x2  
  32  4:05  Zergling x8  
  37  4:18  Zergling x2  
  37  4:19  Zergling x6  
  41  4:25  Baneling  
  41  4:26  Baneling x5  
  41  4:30  Spine Crawler  
  40  4:31  Spine Crawler x2  
  40  4:32  Spine Crawler  
  40  4:34  Spine Crawler  
  40  4:37  Zergling x2  
  40  4:38  Zergling x6  
  40  4:48  Drone x2  
  40  4:49  Drone  
  43  5:06  Drone  
  44  5:08  Overlord x2  
  33  5:52  Zergling x2  
  33  5:53  Zergling x16  
  40  5:59  Baneling x3  
  38  6:11  Drone x3  
  40  6:13  Extractor  
  40  6:15  Extractor  
  39  6:20  Queen  
  39  6:23  Lair  
  39  6:25  Drone x2, Extractor  
  43  6:26  Drone  
  35  7:05  Drone  
  35  7:06  Drone x7  
  43  7:20  Zergling x4  
  42  7:25  Spire  
  41  7:31  Drone x2  
  43  7:37  Drone  
  43  7:38  Drone x3  
  43  7:39  Baneling x2  
  47  7:59  Zergling x10  
  52  8:20  Overlord  
  52  8:21  Overlord x6  
  52  8:40  Mutalisk  
  52  8:41  Mutalisk x5  
  64  8:53  Baneling  
  64  8:54  Baneling x4  
  64  9:04  Zergling x6  
  64  9:05  Zergling x6  
  70  9:14  Overseer  
  70  9:19  Zergling x2  
  70  9:20  Zergling x8  
  70  9:21  Baneling x6  
  70  9:22  Baneling  
  75  9:57  Mutalisk  
  75  9:58  Mutalisk x2  
  81  10:01  Zergling x2  
  81  10:02  Zergling x10  
  81  10:05  Baneling x3  
  87  10:27  Mutalisk  
  57  11:25  Mutalisk x5  
  67  11:33  Hatchery  
  66  11:42  Queen  
  68  11:47  Evolution Chamber  
  68  11:48  Evolution Chamber  
  68  11:50  Extractor, Infestation Pit, Zerg Flyer Weapons Level 1  
  68  11:53  Extractor  
  63  11:58  Hatchery  
  62  12:07  Drone x3  
  65  12:09  Drone x3  
  68  12:39  Zerg Ground Armor Level 1, Zerg Melee Weapons Level 1  
  68  12:42  Zergling x2  
  68  12:43  Zergling x10  
  74  12:59  Mutalisk x4  
  82  13:07  Spore Crawler  
  81  13:14  Queen  
  81  13:15  Drone  
  81  13:16  Drone x9  
  93  13:22  Mutalisk  
  93  13:23  Mutalisk x2  
  99  13:37  Extractor  
  98  13:41  Extractor  
  98  13:42  Zergling x24  
  98  13:43  Zergling x2  
  98  13:44  Zergling x4  
  98  13:48  Infestation Pit  
  111  13:51  Hive  
  112  14:05  Overlord x4  
  112  14:06  Overlord x4  
  112  14:09  Baneling x5  
  112  14:10  Baneling x9  
  112  14:23  Drone x8  
  120  14:37  Mutalisk x5  
  130  14:50  Zergling x2  
  130  14:51  Zergling x10  
Show
View Real Time Build Order
Export as new Build Order

Coach Protoss 

Build Orders:  

Get SALT Encoding   

  12  0:05  Probe  
  13  0:17  Probe  
  14  0:21  Pylon  
  14  0:29  Probe  
  15  0:41  Probe (Chrono Boost)  
  16  0:44  Pylon  
  16  0:51  Probe (Chrono Boost)  
  17  1:03  Gateway  
  17  1:04  Gateway  
  17  1:14  Gateway  
  17  1:20  Probe  
  17  1:25  Assimilator  
  18  1:32  Probe  
  19  1:50  Cybernetics Core  
  19  1:52  Zealot x2  
  23  2:00  Zealot  
  25  2:03  Probe  
  25  2:07  Assimilator  
  26  2:14  Pylon  
  26  2:17  Probe  
  27  2:27  Warp Gate (Chrono Boost)  
  29  2:34  Probe  
  30  2:38  Stalker (Chrono Boost)  
  30  2:39  Stalker (Chrono Boost)  
  34  2:53  Stalker (Chrono Boost)  
  34  3:03  Pylon, Stalker  
  28  3:12  Stalker  
  38  3:21  Stalker  
  40  3:33  Stalker  
  34  4:11  Stalker x3  
  26  4:29  Gateway x2  
  22  4:31  Gateway  
  22  5:06  Nexus  
  22  5:09  Pylon  
  22  5:25  Stalker  
  22  5:26  Stalker  
  22  5:27  Stalker  
  28  5:52  Stalker  
  28  5:53  Stalker x2  
  27  6:17  Stalker  
  28  6:19  Probe  
  28  6:23  Probe  
  30  6:28  Sentry  
  32  6:32  Sentry  
  32  6:36  Probe  
  35  6:51  Stalker  
  35  6:54  Stalker  
  39  7:01  Sentry  
  41  7:02  Probe  
  41  7:03  Probe  
  43  7:14  Probe  
  44  7:15  Probe  
  44  7:22  Sentry x2  
  49  7:24  Stalker  
  49  7:26  Probe  
  52  7:30  Probe  
  49  7:56  Stalker  
  49  7:57  Stalker x2  
  39  8:03  Probe x2 (Chrono Boost)  
  39  8:13  Probe x2 (Chrono Boost), Forge  
  39  8:15  Forge  
  39  8:18  Probe x2 (Chrono Boost)  
  39  8:25  Assimilator  
  41  8:30  Assimilator  
  41  8:33  Probe x2  
  43  8:43  Sentry x3  
  43  8:45  Probe x2  
  51  8:57  Probe x2  
  53  9:07  Stalker x3  
  59  9:15  Protoss Ground Weapons Level 1 (Chrono Boost), Protoss Ground Armor Level 1 (Chrono Boost)  
  59  9:31  Zealot  
  61  9:37  Pylon  
  61  9:39  Pylon  
  61  9:41  Pylon  
  61  10:00  Stalker x3  
  69  10:13  Twilight Council  
  67  10:18  Gateway  
  67  10:19  Gateway  
  67  10:24  Zealot x3  
  54  10:58  Probe x2  
  54  11:00  Zealot x3  
  62  11:10  Probe  
  61  11:28  Protoss Ground Weapons Level 2 (Chrono Boost), Protoss Ground Armor Level 2 (Chrono Boost)  
  61  11:30  Probe x2  
  63  11:40  Charge (Chrono Boost)  
  63  11:42  Probe x2  
  63  11:43  Stalker x3  
  63  11:45  Stalker x2  
  75  12:06  Sentry x3  
  81  12:11  Sentry x2  
  85  12:40  Pylon  
  85  12:42  Pylon  
  85  12:46  Pylon  
  85  12:48  Pylon  
  85  13:16  Zealot x2, Nexus  
  89  13:24  Templar Archives  
  89  13:26  Probe  
  90  13:29  Probe  
  91  13:43  Probe x2  
  93  13:55  Probe x2  
  95  14:12  High Templar x2  
  95  14:16  High Templar x2  
  103  14:18  Archon  
  103  14:20  Archon  
  103  14:30  Zealot  
  105  14:33  Probe x3  
  108  14:45  Probe x3  
Tags
 
Add a new tag
Caveats
  • Supply blocks, unpowered buildings, or Contaminate may cause inaccurate times.
  • Supply counts are checked every 10 seconds.